 Dungeon Crawl Stone Soup version 0.25.1-2-g60ff931df9 (webtiles) character file.

Game seed: 9397310057610394205

10709 Morgon the Fencer (level 11, -3/118 HPs)
             Began as a Formicid Abyssal Knight on Nov 29, 2020.
             Was a High Priest of Lugonu.
             Slain by a centaur warrior (9 damage)
             ... on level 13 of the Dungeon.
             The game lasted 00:53:39 (15271 turns).

Morgon the Fencer (Formicid Abyssal Knight)        Turns: 15271, Time: 00:53:40

Health: -3/118     AC: 25    Str: 17    XL:     11   Next: 98%
Magic:  12/12      EV:  2    Int: 12    God:    Lugonu [*****.]
Gold:   618        SH:  0    Dex: 13    Spells: 10/10 levels left

rFire    . . .     SeeInvis .   a - +3 great sword (curse)
rCold    . . .     Gourm    .   (no shield)
rNeg     + + +     Faith    .   (armour currently unavailable)
rPois    +         Spirit   .   (helmet unavailable)
rElec    .         Reflect  .   (cloak currently unavailable)
rCorr    .         Harm     .   (gloves currently unavailable)
MR       +....                  (boots currently unavailable)
Stlth    ++........             (no amulet)
HPRegen  0.29/turn              E - +4 ring of evasion
MPRegen  0.13/turn              z - ring of stealth

@: tree-form, lightly drained
A: permanent stasis, dig shafts and tunnels, four strong arms
a: Depart the Abyss, Bend Space, Banish, Corrupt, Enter the Abyss, Renounce
Religion


You were on level 13 of the Dungeon.
You worshipped Lugonu.
Lugonu was extremely pleased with you.
You were near starving.
You were a tree.
You visited 1 branch of the dungeon, and saw 13 of its levels.
You visited the Abyss 2 times.

You collected 618 gold pieces.

Inventory:

Hand Weapons
 a - a cursed +3 great sword (weapon)
 b - a +3 long sword
 d - a +2 dagger of distortion
 f - a +0 short sword of draining
 y - a +4 dagger
 S - a +0 scimitar
 V - a +1 vorpal falchion
Missiles
 g - 36 poisoned darts (quivered)
 j - 3 boomerangs of dispersal
 q - 10 boomerangs
 B - 104 bolts
Armour
 c - a cursed +0 cloak (melded)
 k - a +0 buckler
 m - a +0 ring mail (melded)
 t - the cursed +1 leather armour of Antique the Leaf {rCorr Int+5, unknown}
   (You found it on level 12 of the Dungeon)

   It affects your intelligence (+5).
   It provides partial protection from all sources of acid and corrosion.
   It has a curse placed upon it.
 D - a +0 pair of boots
 G - a +2 pair of gloves (melded)
 H - a +0 tower shield
 K - a +0 buckler
 T - a +0 troll leather armour
Jewellery
 z - a ring of stealth (right branch)
 E - a +4 ring of evasion (left branch)
 U - an uncursed ring of wizardry
 X - an uncursed ring of wizardry
Wands
 e - a wand of enslavement (9)
 C - a wand of iceblast (17)
Scrolls
 h - 2 scrolls of enchant armour {unknown}
 i - 8 scrolls of identify
 n - 4 scrolls of enchant weapon {unknown}
 v - a scroll of fear {unknown}
 w - 3 scrolls of immolation {unknown}
 x - 3 scrolls of amnesia {unknown}
 I - 5 scrolls of remove curse
 J - a scroll of blinking {unknown}
 L - a scroll of magic mapping
 O - a scroll of torment {unknown}
 Y - a scroll of holy word {unknown}
Potions
 l - 4 potions of brilliance
 o - a potion of might
 p - 4 potions of mutation
 s - 4 potions of stabbing
 u - 3 potions of magic
 M - a potion of resistance {unknown}
 N - a potion of invisibility {unknown}
 P - a potion of flight {unknown}
 W - a potion of curing
Comestibles
 r - 13 rations


   Skills:
 - Level 5.0(4.6) Fighting
 - Level 15.0(14.5) Long Blades
 - Level 2.1(1.8) Armour
 + Level 7.8(7.5) Dodging
 - Level 2.1(1.8) Invocations


You had 10 spell levels left.
You didn't know any spells.
Your spell library contained the following spells:

 Spells                   Type           Power        Failure   Level  Hunger
 Foxfire                  Conj/Fire      #...         32%         1    ##.....
 Freeze                   Ice            #...         32%         1    ##.....
 Sandblast                Erth           #.....       32%         1    ##.....
 Summon Small Mammal      Summ           #...         32%         1    ##.....
 Call Imp                 Summ           #.......     45%         2    ###....
 Passwall                 Tmut/Erth      #.......     45%         2    ###....
 Call Canine Familiar     Summ           #.......     69%         3    ####...
 Conjure Flame            Conj/Fire      #.......     69%         3    ####...
 Frozen Ramparts          Ice            #.....       69%         3    ####...
 Inner Flame              Hex/Fire       #.......     69%         3    ####...
 Ozocubu's Armour         Chrm/Ice       #.......     69%         3    ####...
 Stone Arrow              Conj/Erth      #.....       69%         3    ####...
 Summon Guardian Golem    Hex/Summ       #.......     69%         3    ####...
 Hailstorm                Conj/Ice       #.......     97%         4    #####..
 Petrify                  Tmut/Erth      #.......     97%         4    #####..
 Sticky Flame             Conj/Fire      #.......     97%         4    #####..
 Summon Ice Beast         Ice/Summ       #.......     97%         4    #####..
 Summon Lightning Spire   Summ/Air       #.......     97%         4    #####..
 Fireball                 Conj/Fire      #.........   100%        5    ######.
 Lee's Rapid Deconstruct  Erth           #.........   100%        5    ######.


Dungeon Overview and Level Annotations

Branches:
Dungeon (12/15)            Temple (0/1) D:5            Lair (0/6) D:9
    Orc: D:9-12

Altars:
Cheibriados
Dithmenos
Fedhas
Gozag
Hepliaklqana
Kikubaaqudgha
Okawaru
Ru
Uskayaw
Vehumet
Wu Jian

Shops:
D:5 *   D:6 *   D:11 }


Innate Abilities, Weirdness & Mutations

You cannot be hasted, slowed, berserked, paralysed or teleported.
You can dig through walls and to a lower floor.
Your four strong arms can wield two-handed weapons with a shield.
((You have a pair of large antennae on your head. (SInv)))


Message History

Your +2 pair of gloves melds into your body.
Your +0 ring mail melds into your body.
Your roots penetrate the ground.
The centaur warrior hits you but does no damage.
Unknown command.
You hit the centaur warrior.
The centaur warrior is moderately wounded.
The centaur warrior hits you but does no damage.
The centaur unwields a +0 shortbow.
The centaur barely misses you. The centaur warrior hits you.
* * * LOW HITPOINT WARNING * * *
An ogre comes into view. It is wielding a +0 giant club.
The ogre shouts!
You hit the centaur warrior.
The centaur warrior is heavily wounded.
The centaur warrior hits you but does no damage.
The centaur hits you but does no damage.
You closely miss the centaur warrior.
The centaur warrior is heavily wounded.
The centaur warrior hits you!
You die...

##.........
#........O.....
#...}..........
#............#
#............#
#(..........###
#.(...........#
#(.(.(.cc......
#.(.(.(♣..#
#...((...##
#(......##
#......##
##....## #...##
##.## ##


You could see a centaur warrior, an ogre and a centaur.

Vanquished Creatures
  A two-headed ogre (D:10)
  An ugly thing (D:11)
  A manticore (D:11)
  Psyche (D:8)
  2 centaur skeletons
  2 trolls (D:9)
  A blink frog (D:12)
  4 hippogriffs
  A vampire (D:10)
  A water elemental (D:12)
  2 wraiths
  Grum (D:8)
  Menkaure (D:6)
  2 hungry ghosts
  A water moccasin (D:9)
  A sky beast (D:10)
  4 orc warriors
  2 black bears (D:10)
  4 ice beasts
  3 phantoms
  5 centaurs
  3 wolves
  9 ogres
  Blork the orc (D:5)
  A big kobold (D:9)
  4 bullfrogs
  A scorpion (D:7)
  8 killer bees (D:7)
  11 wights
  2 electric eels (D:9)
  2 troll zombies (D:11)
  3 crimson imps
  3 centaur zombies
  A quasit (D:9)
  4 bullfrog zombies
  9 hounds
  3 jellies
  A bullfrog skeleton (D:9)
  4 orc priests
  7 orc wizards
  Jessica (D:2)
  5 worker ants
  An iguana (D:9)
  A killer bee zombie (D:7)
  An ogre zombie (D:11)
  2 hound skeletons (D:7)
  3 worker ant zombies
  A howler monkey skeleton (D:4)
  10 adders
  2 shadow imps
  3 oozes
  An adder skeleton (D:8)
  An adder zombie (D:5)
  A worm (D:2)
  3 dart slugs
  8 leopard geckos
  24 orcs
  9 bats
  6 giant cockroaches
  7 goblins
  10 hobgoblins
  8 jackals (D:6)
  4 quokkas
  2 ball pythons (D:3)
  8 frilled lizards
  A goblin skeleton (D:11)
  2 goblin zombies (D:11)
  A hobgoblin zombie (D:11)
  9 kobolds
  2 leopard gecko skeletons
  An orc skeleton (D:11)
  2 orc zombies (D:11)
  A quokka zombie (D:7)
  9 rats
268 creatures vanquished.

Vanquished Creatures (others)
  A hound (D:9)
1 creature vanquished.

Grand Total: 269 creatures vanquished

Notes
Turn   | Place    | Note
-------+----------+-------------------------------------------
     0 | Abyss:1  | Morgon the Formicid Abyssal Knight began the quest for the
                  | Orb.
     0 | Abyss:1  | Reached XP level 1. HP: 18/18 MP: 2/2
    24 | D:1      | Escaped the Abyss
   313 | D:1      | Reached XP level 2. HP: 24/24 MP: 3/3
   651 | D:1      | Reached XP level 3. HP: 18/30 MP: 4/4
   662 | D:1      | Reached ** piety under Lugonu
  1159 | D:2      | Reached skill level 3 in Long Blades
  1159 | D:2      | Reached skill level 1 in Dodging
  1441 | D:2      | Found a blossoming altar of Fedhas.
  1495 | D:2      | Noticed Jessica
  1499 | D:2      | Killed Jessica
  1499 | D:2      | Reached XP level 4. HP: 37/37 MP: 5/5
  2011 | D:2      | Reached skill level 4 in Long Blades
  2015 | D:2      | Reached XP level 5. HP: 34/42 MP: 6/6
  3098 | D:3      | Reached *** piety under Lugonu
  3296 | D:3      | Reached XP level 6. HP: 48/48 MP: 7/7
  3376 | D:3      | Found a radiant altar of Vehumet.
  3573 | D:4      | Noticed an ogre
  3590 | D:3      | Reached skill level 5 in Long Blades
  3954 | D:4      | HP: 1/48 [ogre/+0 giant spiked club (19)]
  3955 | D:4      | Killed an ogre
  4414 | D:4      | Reached XP level 7. HP: 54/54 MP: 8/8
  4552 | D:4      | Reached skill level 6 in Long Blades
  4691 | D:4      | HP: 2/54 [ogre/+0 giant club (25)]
  4697 | D:4      | You fall into a shaft and drop 2 floors!
  5255 | D:5      | Entered Level 5 of the Dungeon
  5267 | D:6      | Reached skill level 7 in Long Blades
  5282 | D:5      | Reached XP level 8. HP: 42/60 MP: 9/9
  5485 | D:5      | Found Gionom's General Store.
  5786 | D:5      | Noticed Blork the orc
  5798 | D:5      | Killed Blork the orc
  5864 | D:5      | Reached skill level 8 in Long Blades
  6216 | D:5      | Found a staircase to the Ecumenical Temple.
  6610 | D:5      | Reached **** piety under Lugonu
  6705 | D:5      | Found a hazy altar of Hepliaklqana.
  6888 | D:6      | Noticed Menkaure
  6894 | D:6      | Killed Menkaure
  6894 | D:6      | Reached skill level 9 in Long Blades
  7090 | D:6      | Reached XP level 9. HP: 39/65 MP: 10/10
  7767 | D:6      | Found Rinuowk's General Store.
  7899 | D:7      | Reached skill level 10 in Long Blades
  7900 | D:7      | Reached skill level 5 in Dodging
  8043 | D:7      | Found an opulent altar of Gozag.
  8044 | D:7      | Found a snail-covered altar of Cheibriados.
  8047 | D:7      | Found an ornate altar of the Wu Jian Council.
  8047 | D:7      | Found a hide-covered altar of Uskayaw.
  8050 | D:7      | Found an iron altar of Okawaru.
  8593 | D:7      | Reached skill level 11 in Long Blades
  8961 | D:7      | Noticed a hippogriff
  8975 | D:7      | Killed a hippogriff
  8975 | D:7      | Reached XP level 10. HP: 70/71 MP: 11/11
  9829 | D:8      | Noticed Grum
  9835 | D:8      | Killed Grum
  9835 | D:8      | Reached skill level 12 in Long Blades
 10086 | D:8      | You fall into a shaft and drop 2 floors!
 10086 | D:10     | Entered Level 10 of the Dungeon
 10749 | D:10     | Reached skill level 13 in Long Blades
 10754 | D:10     | Reached ***** piety under Lugonu
 10907 | D:8      | Noticed Psyche
 10925 | D:8      | Cast into level 2 of the Abyss (Psyche)
 10992 | Abyss:2  | Noticed a wretched star
 10993 | D:8      | Escaped the Abyss
 10997 | D:8      | Killed Psyche
 11183 | D:8      | Reached XP level 11. HP: 62/77 MP: 12/12
 11253 | D:8      | Found a shadowy altar of Dithmenos.
 11373 | D:8      | Found a sacrificial altar of Ru.
 11588 | D:9      | You fall into a shaft and drop 2 floors!
 11596 | D:11     | Noticed a brown ugly thing
 11615 | D:11     | You fall into a shaft and drop 1 floor!
 11641 | D:12     | Reached skill level 14 in Long Blades
 11765 | D:12     | Got a spiked leather armour
 12277 | D:11     | Found Lucruw's Gadget Emporium.
 12284 | D:11     | Noticed an unseen horror
 12299 | D:10     | Noticed a two-headed ogre
 12312 | D:10     | Killed a two-headed ogre
 13104 | D:9      | Found an ancient bone altar of Kikubaaqudgha.
 13265 | D:9      | Reached skill level 15 in Long Blades
 13748 | D:9      | Found a staircase to the Lair.
 14536 | D:11     | Noticed a manticore
 14546 | D:11     | Killed a manticore
 14546 | D:11     | Reached skill level 5 in Fighting
 14874 | D:11     | Killed a brown ugly thing
 15259 | D:11     | You fall into a shaft and drop 2 floors!
 15259 | D:13     | Noticed a centaur warrior
 15269 | D:13     | HP: 5/118 [centaur warrior (2)]
 15271 | D:13     | Slain by a centaur warrior

Illustrated notes

Levels and vault maps discovered:
D:1:      onia_arrival_pyramid, layout_basic
D:2:      layout_basic, fedhas_altar_2, uniq_jessica
D:3:      layout_loops_ring, overflow_temple_1_default, minmay_quadrilaterals
D:4:      layout_layer_cave, first_ration
D:5:      layout_rooms, lemuel_coloured_pillars_altar,
          minmay_temple_entry_trees, serial_shops, nicolae_shop_waterfront,
          corexii_checkpoint_a, uniq_blork_the_orc
D:6:      layout_loops_ring, serial_shops, kennysheep_mini, uniq_menkaure
D:7:      layout_gridville, nicolae_overflow_hidden_temple, grunt_ogre_cave,
          minmay_misc_feat_diagonals
D:8:      layout_loops_ring, grunt_dithmenos_smoke_and_mirrors,
          nicolae_ru_path_of_blood, uniq_grum, uniq_psyche
D:9:      layout_rooms, kennysheep_little_box, erik_lair_island, minivault_22,
          statue_in_the_mist_lemuel
D:10:     layout_loops_ring, minmay_liquid_box
D:11:     layout_layer_cave, zombieorc2_lemuel, serial_shops, shop_fountains,
          lemuel_altar_in_water
D:12:     layout_basic, kennysheep_opposing_triangles
D:13:     layout_cave_pods, hangedman_vaults_entry_quadrant_bands,
          grunt_ministairs_2

Skill      XL: |  1  2  3  4  5  6  7  8  9 10 11 |
---------------+----------------------------------+-----
Fighting       | 4 5 |  5.0
Long Blades    | 3 4 5 7 9 11 13 15 | 15.0
Dodging        | 1 2 3 4 5 6 7 |  7.8
Armour         | |  2.1
Invocations    | |  2.1

Action                   |  1- 3 |  4- 6 |  7- 9 | 10-12 || total
-------------------------+-------+-------+-------+-------++-------
Melee: Falchion          |    91 |   156 |       |       ||   247
       Short sword       |       |    31 |    26 |       ||    57
       Long sword        |       |    19 |   189 |       ||   208
       Great sword       |       |       |   103 |   407 ||   510
Throw: Dart              |       |       |       |     1 ||     1
       Throwing net      |       |       |       |     1 ||     1
Invok: Depart the Abyss  |       |       |       |     1 ||     1
 Abil: Shaft Self        |       |       |     1 |     2 ||     3
       Dig               |       |       |     2 |     1 ||     3
Evoke: Wand              |       |       |       |     6 ||     6
  Use: Scroll            |     6 |       |     5 |       ||    11
       Potion            |       |       |       |     9 ||     9
 Stab: Distracted        |       |     1 |     1 |       ||     2
       Sleeping          |       |       |     3 |     1 ||     4
       Held in net/web   |       |       |       |     1 ||     1
  Eat: Chunk             |     2 |     9 |    17 |    14 ||    42
       Ration            |       |       |       |     3 ||     3
Armor: Leather armour    |    30 |    56 |    10 |       ||    96
       Ring mail         |       |       |    57 |   103 ||   160
       Skin              |       |       |       |    10 ||    10
Dodge: Dodged            |    71 |   111 |   250 |   374 ||   806
       Rpst.: Falchion   |    28 |    36 |       |       ||    64
       Long sword        |       |     3 |    39 |       ||    42
       Great sword       |       |       |    39 |    80 ||   119
